 Dungeon Crawl Stone Soup version 0.31-a0-986-g5e6e4ef867 (webtiles) character file.

Game seed: 3178672362029534328

254 Danienth the Sneak (level 6, 0/32 HPs)
             Began as a Vine Stalker Enchanter on Nov 8, 2023.
             Succumbed to a gnoll bouda's poison
             ... on level 4 of the Dungeon.
             The game lasted 00:10:42 (2564 turns).

Danienth the Sneak (Vine Stalker Enchanter)         Turns: 2564, Time: 00:10:45

Health: 0/32       AC:  4    Str: 10    XL:     6   Next: 14%
Magic:  4/10       EV: 11    Int: 15    God:
Gold:   119        SH:  0    Dex: 17    Spells: 1/9 levels left

rFire   . . .        j - +3 dagger (speed)
rCold   . . .        (no shield)
rNeg    . . .        d - +0 leather armour
rPois   .            (no helmet)
rElec   .            (no cloak)
rCorr   .            (no gloves)
SInv    .            b - +0 pair of boots
Will    +....        l - amulet of faith
Stlth   +++          i - ring of willpower
HPRegen 1.05/turn    (no ring)
MPRegen 0.12/turn

%: guardian spirit, faith
@: lethally poisoned (0 -> -11), weakened
A: fangs 2, regeneration 1, magic shield, antimagic bite, no potion heal 2
a: no special abilities


You were on level 4 of the Dungeon.
You visited 1 branch of the dungeon, and saw 4 of its levels.

You collected 119 gold pieces.

Inventory:

Hand Weapons
 a - a +1 dagger
 f - a +0 dagger of protection
 j - a +3 dagger of speed (weapon)
Missiles
 k - 4 boomerangs (quivered)
Armour
 b - a +0 pair of boots (worn)
 d - a +0 leather armour (worn)
Jewellery
 i - a ring of willpower (left hand)
 l - an amulet of faith (around neck)
Scrolls
 e - a scroll of fear
 n - 3 scrolls of teleportation
Potions
 c - 2 potions of invisibility
 g - 3 potions of curing
 h - a potion of berserk rage
 m - a potion of might
 p - a potion of brilliance {unknown}
 q - a potion of heal wounds {unknown}


   Skills:
 * Level 3.2 Fighting
 * Level 4.0 Short Blades
 - Level 1.5 Dodging
 - Level 4.0 Stealth
 - Level 2.1 Spellcasting
 - Level 3.0 Hexes


You had one spell level left.
You knew the following spells:

 Your Spells              Type           Power      Damage    Failure   Level
a - Ensorcelled Hibernat  Hex/Ice        12%        N/A       24%         2
b - Confusing Touch       Hex            10%        N/A       26%         3
c - Tukima's Dance        Hex            10%        N/A       26%         3

Your spell library contained the following spells:

 Spells                   Type           Power      Damage    Failure   Level
 Dazzling Flash           Conj/Hex       12%        N/A       43%         3


Dungeon Overview and Level Annotations

Branches:
Dungeon (4/15)
 Temple: D:4-7

Altars:

Shops:
D:4 *


Innate Abilities, Weirdness & Mutations

You have extremely sharp teeth.
Your natural rate of healing is unusually fast.
When hurt, damage is shared between your health and your magic reserves.
Your bite disrupts and absorbs the magic of your enemies.
Potions cannot restore your health.


Message History

The gnoll bouda is severely wounded.
You feel sick.
The gnoll bouda hits you with a +0 whip of venom.
* * * LOW HITPOINT WARNING * * *
You are more poisoned.
Hit: j) +3 dagger (speed)
Press: ? - help, Dir - move target, f/p - gnoll bouda
Aim: a gnoll bouda, wielding a +0 whip of venom and wearing a +0 robe (severely wounded, about 27% to evade your +3 dagger of speed)
You completely miss the gnoll bouda. You bite the gnoll bouda.
You drain its power.
You feel invigorated.
The gnoll bouda is severely wounded.
* * * LOW HITPOINT WARNING * * *
You feel sick.
Hit: j) +3 dagger (speed)
Press: ? - help, Dir - move target, f/p - gnoll bouda
Aim: a gnoll bouda, wielding a +0 whip of venom and wearing a +0 robe (severely wounded, about 27% to evade your +3 dagger of speed)
You hit the gnoll bouda but do no damage.
You bite the gnoll bouda, but do no damage.
The gnoll bouda is severely wounded.
* * * LOW HITPOINT WARNING * * *
You feel sick.
The gnoll bouda mumbles some strange prayers to its god.
The gnoll bouda is healed somewhat.
Hit: j) +3 dagger (speed)
Press: ? - help, Dir - move target, f/p - gnoll bouda
Aim: a gnoll bouda, wielding a +0 whip of venom and wearing a +0 robe (heavily wounded, about 27% to evade your +3 dagger of speed)
You hit the gnoll bouda. Your bite misses the gnoll bouda.
The gnoll bouda is heavily wounded.
* * * LOW HITPOINT WARNING * * *
You feel sick.
The gnoll bouda hits you with a +0 whip of venom.
* * * LOW HITPOINT WARNING * * *
You are more poisoned.
Hit: j) +3 dagger (speed)
Press: ? - help, Dir - move target, f/p - gnoll bouda
Aim: a gnoll bouda, wielding a +0 whip of venom and wearing a +0 robe (heavily wounded, about 27% to evade your +3 dagger of speed)
You hit the gnoll bouda.
You bite the gnoll bouda, but do no damage.
The gnoll bouda is severely wounded.
You die...

#....#.# ########....#.#
#......'....#..
#.#...##....###
####.#...........#
#....#.####(...###
#####....#.####....# # .
#............##....# # ...
#.###@..##.#.####### #
.....#.###gK.......... #
......g)...........## #
.##....####...†##.## #
..........#....##.###.#####
..Kg......................>
?.......#.##...$...!#.####.
.###..#.#..........## #.
#....#.#........# ...


You could see a gnoll bouda and a kobold.

Vanquished Creatures
  A hound (D:3)
  An orc wizard (D:3)
  Terence (D:3)
  2 adders (D:2)
  5 gnolls
  3 worms (D:2)
  2 dart slugs
  8 orcs (D:3)
  4 endoplasms
  5 giant cockroaches
  9 goblins
  7 hobgoblins
  6 kobolds
  5 quokkas
  9 ball pythons
  9 bats
  3 frilled lizards
  3 rats
83 creatures vanquished.

Notes
Turn   | Place    | Note
-------+----------+-------------------------------------------
     0 | D:1      | Danienth the Vine Stalker Enchanter began the quest for the
                  | Orb.
     0 | D:1      | Reached XP level 1. HP: 9/9 MP: 4/4
    46 | D:1      | Reached skill level 1 in Short Blades
    93 | D:1      | Reached XP level 2. HP: 14/14 MP: 6/6
   433 | D:1      | Reached XP level 3. HP: 16/17 MP: 7/7
   454 | D:1      | Reached skill level 1 in Fighting
   596 | D:1      | Found a faded altar of an unknown god.
   837 | D:2      | Learned a level 2 spell: Ensorcelled Hibernation
   961 | D:2      | Reached XP level 4. HP: 22/22 MP: 8/8
  1192 | D:2      | Reached XP level 5. HP: 18/26 MP: 9/9
  1898 | D:3      | Noticed Terence
  1933 | D:3      | Killed Terence
  1972 | D:3      | Learned a level 3 spell: Confusing Touch
  1979 | D:3      | Learned a level 3 spell: Tukima's Dance
  2064 | D:3      | Reached XP level 6. HP: 32/32 MP: 8/10
  2473 | D:4      | Found Ujua's Neck Hole.
  2564 | D:4      | Succumbed to a gnoll bouda's poison

Illustrated notes

Levels and vault maps discovered:
D:1:      heliophobic_arrival_ceremonial_halls, layout_loops_ring,
          shapermc_ecumenical_altar_ellora, minmay_ruptured
D:2:      layout_loops_ring
D:3:      layout_basic, uniq_terence
D:4:      layout_basic, dk_noncrumbling_3, nicolae_shop_fire_sale
          [nicolae_sub_dead_trees], nicolae_shop_sticking_my_neck_out,
          uniq_blork_the_orc

Skill      XL: |  1  2  3  4  5  6 |
---------------+-------------------+-----
Short Blades   | 1 2 3 4 |  4.0
Stealth        | 4 |  4.0
Fighting       | 1 2 3 |  3.2
Dodging        | |  1.5
Spellcasting   | |  2.1
Hexes          | |  3.0

Action                     |  1- 3 |  4- 6 || total
---------------------------+-------+-------++-------
  Melee: Dagger            |   123 |   184 ||   307
         Bite              |    30 |    73 ||   103
  Throw: Boomerang         |       |     2 ||     2
    Use: Scroll            |       |     8 ||     8
   Stab: Sleeping          |     9 |     2 ||    11
         Distracted        |       |     1 ||     1
 Armour: Leather armour    |    54 |    80 ||   134
  Dodge: Dodged            |    63 |    54 ||   117

Table legend: (Time is in decaauts)
 A = Elapsed time spent in this place.
 B = Non-inter-level travel time spent in this place.
 C = Inter-level travel time spent in this place.
 D = Time resting spent in this place.
 E = Time spent auto-exploring this place.
 F = Levels seen in this place.
 G = Mean time per level.
                   A        B        C        D        E       F      G
               +--------+--------+--------+--------+--------+-----+--------+
         Total |   2448 |   2394 |     54 |      0 |   1802 |   4 |  612.0 |
       Dungeon |   2448 |   2394 |     54 |      0 |   1802 |   4 |  612.0 |
               +--------+--------+--------+--------+--------+-----+--------+

Top non-repeatable levels by time:
     D:3: 852 daAuts
     D:1: 790 daAuts
     D:2: 682 daAuts
     D:4: 123 daAuts
